Map: Simulacrum LE

Players

Daniil - Winner!

  • Race: Protoss Protoss
  • League: Bronze
  • Spawn Location: 11:00

kers

  • Race: Protoss Protoss
  • League: Platinum
  • Spawn Location: 5:00

VOD

Have the link to the VOD?

Description

Time

  • Played on: March 6, 2020, 2:53 p.m.
  • Length: 3:02
Show
View Real Time Build Order
Export as new Build Order

Daniil Protoss - Winner!

Build Orders: Cannon Rush 

Get SALT Encoding   

  12  0:01  Probe (Chrono Boost)  
  13  0:10  Probe (Chrono Boost)  
  14  0:18  Pylon  
  14  0:30  Probe  
  15  0:38  Forge  
  16  0:42  Probe  
  16  1:03  Pylon  
  16  1:05  Pylon  
  16  1:25  Photon Cannon  
  16  1:30  Photon Cannon  
  16  1:43  Photon Cannon  
  16  1:45  Probe  
  17  1:51  Pylon  
  17  1:57  Probe  
  18  2:12  Photon Cannon  
  18  2:16  Pylon  
  18  2:24  Photon Cannon  
  18  2:26  Photon Cannon  
  18  2:35  Pylon  
  18  2:44  Photon Cannon  
  18  3:01  Gateway  
Show
View Real Time Build Order
Export as new Build Order

kers Protoss 

Build Orders:  

Get SALT Encoding   

  12  0:01  Probe  
  13  0:13  Probe  
  14  0:17  Pylon  
  14  0:25  Probe  
  15  0:37  Probe  
  15  0:38  Gateway  
  16  0:48  Assimilator  
  16  0:49  Probe (Chrono Boost)  
  17  1:00  Probe (Chrono Boost)  
  18  1:04  Probe (Chrono Boost)  
  19  1:12  Gateway  
  19  1:15  Probe  
  20  1:27  Probe  
  22  1:40  Probe  
  22  1:42  Gateway  
  22  1:52  Probe, Pylon  
  23  1:56  Pylon  
  15  2:19  Zealot  
  15  2:33  Cybernetics Core  
Tags
 
Matchup
PvP
Spawn Locations
Cross Positions
Add a new tag
Caveats
  • Supply blocks, unpowered buildings, or Contaminate may cause inaccurate times.
  • Supply counts are checked every 10 seconds.